AoeStats
← 建興法師

African Clearing

510824470Analyzed
4v4 RM · 14h ago on Oct 2, 2026· 78m 28s· 8 players
Game mode
Random Map
Map size
Large (8 player)
Population
200
Speed
Normal
Resources
Standard
Victory
Conquest
Starting age
Dark Age
Ending age
Imperial Age
RankedLock teamsTeams togetherTeam positionsShared explorationLock speedFull tech treeHidden civsTurbo modeCheats
Victory
Defeat
🇭🇰 Vikings · Hong Kong SAR China
1068
+15
🇭🇰 Shu · Hong Kong SAR China
1061
+15
🇭🇰 Persians · Hong Kong SAR China
1033
+16
🇱🇹 Wei · Lithuania
1007
+17
🇭🇰 Varangians · Hong Kong SAR China
1083
-18
🇬🇧 Wu · United Kingdom
1068
-17
🇭🇰 Franks · Hong Kong SAR China
1050
-16
🇭🇰 Huns · Hong Kong SAR China
940
-12
Sophia
6:43 Loom
16:26 Feudal Age
17:08 Horse Collar
17:19 Town Watch
18:29 Double-Bit Axe
20:09 Gold Mining
20:13 Stone Mining
24:56 Castle Age
22:56 Fletching
25:25 Bloodlines
25:21 Padded Archer Armor
25:26 Scale Barding Armor
26:06 Thumb Ring
26:32 Heavy Plow
29:30 Wheelbarrow
30:04 Ballistics
30:33 Bodkin Arrow
30:54 Leather Archer Armor
31:54 Husbandry
37:29 Gold Shaft Mining
37:29 Stone Shaft Mining
37:16 Hand Cart
42:04 Bow Saw
44:56 Forging
45:07 Town Patrol
45:14 Tuntian
51:29 Imperial Age
49:02 Town Patrol
52:46 Iron Casting
52:32 Chain Barding Armor
51:34 Elite Tiger Cavalry
52:44 Ming Guang Armor
52:45 Conscription
55:19 Hoardings
56:44 Chemistry
55:40 Murder Holes
57:16 Heavy Scorpion
66:20 Blast Furnace
65:20 Bracer
65:22 Scale Mail Armor
65:52 Ring Archer Armor
65:39 Pikeman
66:20 Squires
67:01 Masonry
66:43 Halberdier
73:00 Chain Mail Armor
78:37 Arson
idle villager
13:59 Feudal Age
15:06 Double-Bit Axe
17:00 Loom
19:27 Castle Age
19:39 Horse Collar
20:38 Scale Mail Armor
21:15 Bow Saw
21:16 Squires
21:54 Forging
23:16 Fishing Lines
24:37 Arson
25:20 Chain Mail Armor
26:36 Heavy Plow
28:20 Iron Casting
27:37 Loom
30:45 Padded Archer Armor
30:35 Fletching
30:12 Elite Skirmisher
33:44 Bodkin Arrow
33:43 Gold Mining
33:44 Stone Mining
37:50 Imperial Age
37:14 Chieftains
39:03 Conscription
39:51 Plate Mail Armor
40:22 Blast Furnace
39:37 Elite Varangian Guard
41:27 Ballistics
42:37 Chemistry
43:35 Elite Berserk
44:38 Town Watch
48:13 Bracer
47:57 Treadmill Crane
54:35 Leather Archer Armor
57:09 Siege Engineers
61:01 Ring Archer Armor
62:49 Caravan
63:58 Hoardings
64:57 Town Patrol
65:20 Capped Ram
66:28 Siege Ram
74:07 Masonry
73:54 Murder Holes
Waku Waku
6:56 Loom
7:45 Loom
10:27 Loom
21:26 Feudal Age
26:54 Castle Age
26:16 Double-Bit Axe
27:28 Fletching
43:13 Wheelbarrow
43:05 Bow Saw
44:10 Horse Collar
50:40 Hand Cart
51:20 Kamandaran
52:24 Pikeman
53:04 Squires
52:50 Gambesons
55:32 Forging
58:11 Imperial Age
56:26 Heavy Plow
57:07 Iron Casting
56:32 Scale Mail Armor
56:21 Arson
57:24 Bodkin Arrow
57:51 Scale Barding Armor
59:37 Two-Man Saw
59:12 Husbandry
59:10 Cavalier
60:11 Town Watch
61:27 Blast Furnace
60:43 Chain Mail Armor
61:46 Chain Barding Armor
61:40 Bloodlines
61:33 Light Cavalry
62:46 Coinage
62:37 Halberdier
63:49 Plate Mail Armor
63:57 Padded Archer Armor
64:11 Citadels
64:38 Hoardings
64:30 Conscription
64:46 Hoardings
65:58 Crop Rotation
65:02 Elite Skirmisher
65:06 Crossbowman
65:55 Thumb Ring
66:52 Leather Archer Armor
67:12 Plate Barding Armor
68:29 Ring Archer Armor
68:25 Ballistics
69:06 Chemistry
68:17 Masonry
68:03 Murder Holes
70:53 Town Patrol
71:58 Savar
74:31 Hussar
79:23 Banking
78:53 Caravan
香江七百萬大才子
3:38 Loom
5:37 Loom
13:25 Feudal Age
19:54 Castle Age
17:58 Double-Bit Axe
18:31 Stone Mining
18:35 Gold Mining
20:15 Crossbowman
23:05 Gold Shaft Mining
26:54 Fletching
27:27 Padded Archer Armor
35:26 Leather Archer Armor
35:06 Bodkin Arrow
37:03 Thumb Ring
37:43 Forging
38:51 Scale Barding Armor
39:44 Bow Saw
46:43 Imperial Age
45:50 Wheelbarrow
46:11 Chain Barding Armor
47:53 Conscription
50:22 Bracer
50:53 Ring Archer Armor
50:43 Husbandry
51:56 Pikeman
52:22 Arson
53:15 Ballistics
53:56 Hand Cart
55:55 Stone Mining
58:00 Arbalester
60:47 Squires
62:07 Ring Archer Armor
66:45 Horse Collar
75:00 Chemistry
74:06 Siege Engineers
慈母守中線 游子身上E
15:58 Feudal Age
15:54 Loom
19:53 Castle Age
20:45 Scale Barding Armor
22:27 Forging
28:29 Bloodlines
32:42 Double-Bit Axe
36:34 Thumb Ring
39:04 Wheelbarrow
39:21 Fletching
39:32 Padded Archer Armor
40:36 Husbandry
40:33 Bodkin Arrow
41:43 Ballistics
45:08 Imperial Age
44:26 Leather Archer Armor
47:27 Parthian Tactics
47:58 Bracer
49:22 Heavy Cavalry Archer
52:23 Chemistry
58:23 Conscription
66:42 Light Cavalry
68:20 Iron Casting
68:06 Chain Barding Armor
67:16 Hussar
建興法師
7:42 Loom
13:25 Feudal Age
31:56 Castle Age
35:36 Scale Barding Armor
39:35 Husbandry
42:51 Chain Barding Armor
49:29 Wheelbarrow
51:22 Forging
58:23 Hand Cart
62:21 Imperial Age
62:11 Iron Casting
62:30 Padded Archer Armor
63:29 Conscription
62:37 Cavalier
64:09 Plate Barding Armor
63:26 Elite Skirmisher
65:29 Blast Furnace
63:59 Paladin
65:47 Fletching
66:35 Leather Archer Armor
68:09 Bodkin Arrow
69:44 Ballistics
70:25 Chemistry
伐伐伐伐伐木工
3:23 Loom
5:24 Loom
15:12 Feudal Age
16:02 Double-Bit Axe
16:15 Gold Mining
19:02 Castle Age
17:11 Scale Barding Armor
17:07 Scale Mail Armor
17:17 Forging
16:55 Arson
17:16 Horse Collar
18:51 Wheelbarrow
20:11 Bow Saw
20:29 Gambesons
20:44 Squires
23:40 Chain Mail Armor
26:58 Iron Casting
28:09 Hand Cart
31:54 Town Watch
33:03 Stone Mining
36:01 Imperial Age
34:40 Stone Shaft Mining
34:46 Treadmill Crane
36:12 Bloodlines
36:02 Husbandry
36:44 Scale Barding Armor
36:30 Fletching
37:27 Ballistics
38:08 Chemistry
37:51 Chain Barding Armor
38:32 Blast Furnace
37:57 Conscription
37:01 Elite Jarl
41:33 Plate Barding Armor
40:57 Vendel Legacy
44:37 Cavalier
48:38 Coinage
49:50 Banking
52:52 Light Cavalry
54:55 Bodkin Arrow
62:54 Masonry
64:42 Hussar
曠曠曠曠曠曠工
4:02 Loom
13:40 Feudal Age
14:46 Double-Bit Axe
18:40 Castle Age
17:03 Stone Mining
18:57 Gold Mining
18:52 Horse Collar
20:18 Wheelbarrow
21:04 Town Watch
21:58 Fletching
24:16 Bow Saw
32:19 Bodkin Arrow
34:34 Forging
36:35 Padded Archer Armor
43:09 Elite Skirmisher
54:01 Husbandry
53:45 Treadmill Crane
59:07 Hand Cart
65:08 Bloodlines
65:32 Masonry
68:20 Imperial Age
66:52 Light Cavalry
69:46 Scale Barding Armor
72:56 Chain Barding Armor
72:36 Elite Skirmisher
73:46 Scale Mail Armor
Connection lost

Rejoining the realm…

Still unreachable

The connection could not be restored.

Session expired

The server has moved on; the page needs a fresh start.